 Dungeon Crawl Stone Soup version 0.27-a0-1312-g5cdb2b3542 (webtiles) character file.

Game seed: 8864980976071584832

102 Conn the Firebug (level 4, -1/27 HPs)
             Began as an Octopode Fire Elementalist on June 20, 2021.
             Slain by a gnoll (12 damage)
             ... on level 3 of the Dungeon.
             The game lasted 00:03:08 (2592 turns).

Conn the Firebug (Octopode Fire Elementalist)       Turns: 2592, Time: 00:03:09

Health: -1/27      AC:  1    Str: 13    XL:     4   Next: 77%
Magic:  4/8        EV: 13    Int: 18    God:
Gold:   75         SH:  5    Dex: 12    Spells: 5/9 levels left

rFire    . . .     SeeInvis .   b - +1 dagger (venom)
rCold    . . .     Faith    .   (no shield)
rNeg     . . .     Spirit   .   (helmet restricted)
rPois    .         Reflect  +   g - amulet of reflection
rElec    .         Harm     .   e - +6 ring of strength
rCorr    .         Rampage  .   (no ring)
Will     .....                  (no ring)
Stlth    +++.......             (no ring)
HPRegen  0.09/turn              (no ring)
MPRegen  0.11/turn              (no ring)
                                (no ring)
                                (no ring)

@: no status effects
A: almost no armour, amphibious, 8 rings, camouflage 1, gelatinous body 1,
(nimble swimmer 1), tentacles
a: no special abilities


You were on level 3 of the Dungeon.
You visited 1 branch of the dungeon, and saw 3 of its levels.

You collected 75 gold pieces.

Inventory:

Hand Weapons
 a - a +0 dagger
 b - a +1 dagger of venom (weapon)
Missiles
 k - 3 poisoned darts (quivered)
Jewellery
 e - a +6 ring of strength (left tentacle)
 g - an amulet of reflection (around mantle)
 i - a ring of ice
Scrolls
 d - 4 scrolls of identify {unknown}
 f - 2 scrolls of amnesia {unknown}
Potions
 c - a potion of ambrosia {unknown}
 h - a potion of lignification {unknown}
 j - a potion of curing {unknown}


   Skills:
 + Level 2.1 Dodging
 + Level 3.4 Stealth
 + Level 3.0 Spellcasting
 + Level 1.7 Conjurations
 + Level 4.0 Fire Magic


You had 5 spell levels left.
You knew the following spells:

 Your Spells              Type           Power      Damage    Failure   Level
a - Foxfire               Conj/Fire      52%        2x1d6     4%          1
b - Conjure Flame         Conj/Fire      13%        6-21      16%         3

Your spell library contained the following spells:

 Spells                   Type           Power      Damage    Failure   Level
 Inner Flame              Hex/Fire       9%         N/A       22%         3
 Sticky Flame             Conj/Fire      13%        2d4       45%         4
 Fireball                 Conj/Fire      6%         3d5       80%         5


Dungeon Overview and Level Annotations

Branches:
Dungeon (3/15)

Altars:


Innate Abilities, Weirdness & Mutations

You cannot wear most types of armour.
You are amphibious.
You can wear up to eight rings at the same time.
Your skin changes colour to match your surroundings (Stealth+).
Your rubbery body absorbs attacks. (AC +1, EV +1)
((You are camouflaged near water. (Stealth+)))
You have tentacles for arms and can constrict up to eight enemies at once.


Message History

A gnoll comes into view. It is wielding a +0 whip.
The foxfire hits the gnoll.
The gnoll is moderately wounded.
A gnoll comes into view. It is wielding a +0 flail.
Casting: Foxfire (safe; 4% risk of failure)
Confirm with . or Enter, or press ? or * to list all spells.
You conjure some foxfire!
The foxfire hits the gnoll.
The gnoll is severely wounded.
The foxfire hits the gnoll.
You kill the gnoll!
Your Spellcasting skill increases to level 3!
Casting: Foxfire (safe; 4% risk of failure)
Confirm with . or Enter, or press ? or * to list all spells.
You conjure some foxfire!
The foxfire hits the gnoll.
The gnoll is lightly wounded.
The foxfire hits the gnoll.
The gnoll is lightly wounded.
The foxfire hits the gnoll.
The gnoll is heavily wounded.
Casting: Foxfire (safe; 4% risk of failure)
Confirm with . or Enter, or press ? or * to list all spells.
You conjure some foxfire!
The foxfire hits the gnoll.
The gnoll is lightly wounded.
The foxfire hits the gnoll.
The gnoll is severely wounded.
A gnoll comes into view. It is wielding a +0 spear.
The gnoll hits you with a +0 whip!
Unknown command.
You barely miss the gnoll. You grab the gnoll.
You constrict the gnoll, but do no damage.
The gnoll hits you with a +0 flail!
Unknown command.
You release your grip on the gnoll.
The gnoll closely misses you.
You see here a ball python skeleton.
You hit the gnoll. You grab the gnoll.
The gnoll is lightly wounded.
You constrict the gnoll, but do no damage.
The gnoll hits you with a +0 flail!
You die...

###### ### #....#
#<# ####.##.# #
#@# #.......###.
#g#####.....#..gg.
#.g.gg.g....#.##..
#....#####.##.##$.
#.#............#).
#.######...)#..#).
#......+....#..#.g
########...#####..
##### #..


You could see 2 gnolls.

Vanquished Creatures
  2 adders (D:2)
  2 gnolls (D:3)
  A dart slug (D:1)
  5 bats
  4 endoplasms
  A giant cockroach (D:1)
  7 goblins
  6 hobgoblins
  9 jackals
  5 quokkas
  5 ball pythons
  A frilled lizard (D:2)
  4 kobolds
  5 rats (D:1)
57 creatures vanquished.

Vanquished Creatures (others)
  152 foxfires
152 creatures vanquished.

Grand Total: 209 creatures vanquished

Notes
Turn   | Place    | Note
-------+----------+-------------------------------------------
     0 | D:1      | Conn the Octopode Fire Elementalist began the quest for the
                  | Orb.
     0 | D:1      | Reached XP level 1. HP: 11/11 MP: 3/3
   100 | D:1      | Reached XP level 2. HP: 6/17 MP: 1/5
  1149 | D:1      | Reached XP level 3. HP: 21/21 MP: 1/6
  1323 | D:1      | Found a faded altar of an unknown god.
  1591 | D:1      | Learned a level 3 spell: Conjure Flame
  1859 | D:2      | Reached XP level 4. HP: 27/27 MP: 2/7
  2567 | D:3      | Reached skill level 4 in Fire Magic
  2592 | D:3      | Slain by a gnoll

Illustrated notes

Levels and vault maps discovered:
D:1:      onia_arrival_pyramid, layout_basic,
          ebering_ecumenical_altar_abandoned, grunt_decor_cap
D:2:      layout_rooms
D:3:      layout_basic, grunt_temple_overflow_holy_war,
          nicolae_uskayaw_murder_on_the_dancefloor

Skill      XL: |  1  2  3  4 |
---------------+-------------+-----
Stealth        | 3 |  3.4
Fire Magic     | 4 |  4.0
Spellcasting   | 3 |  3.0
Dodging        | |  2.1
Conjurations   | |  1.7

Action                   |  1- 3 |  4- 6 || total
-------------------------+-------+-------++-------
Melee: Unarmed           |    11 |       ||    11
       Constrict         |     6 |     3 ||     9
       Tentacles         |     4 |       ||     4
       Dagger            |    12 |     8 ||    20
 Cast: Foxfire           |    66 |    29 ||    95
Armor: Skin              |     2 |       ||     2
Dodge: Dodged            |    35 |     5 ||    40
Block: Other             |       |     5 ||     5

Table legend: (Time is in decaauts)
 A = Elapsed time spent in this place.
 B = Non-inter-level travel time spent in this place.
 C = Inter-level travel time spent in this place.
 D = Time resting spent in this place.
 E = Time spent auto-exploring this place.
 F = Levels seen in this place.
 G = Mean time per level.
                   A        B        C        D        E       F      G
               +--------+--------+--------+--------+--------+-----+--------+
         Total |   2590 |   2534 |     56 |      0 |   2064 |   3 |  863.3 |
       Dungeon |   2590 |   2534 |     56 |      0 |   2064 |   3 |  863.3 |
               +--------+--------+--------+--------+--------+-----+--------+

Top non-repeatable levels by time:
     D:1: 1624 daAuts
     D:2: 744 daAuts
     D:3: 221 daAuts
